 Dungeon Crawl Stone Soup version 0.17.1-1-g73c8601 (webtiles) character file.

224 Miyamura the Insei (level 6, -1/30 HPs)
             Began as a Vine Stalker Transmuter on Jan 4, 2016.
             Was an Initiate of Ashenzari.
             Succumbed to a gnoll's poison
             ... on level 3 of the Dungeon.
             The game lasted 00:10:46 (3236 turns).

Miyamura the Insei (Vine Stalker Transmuter)        Turns: 3236, Time: 00:10:47

Health: -1/30      AC:  4    Str: 16 (18) XL:     6   Next: 0%
Magic:  7/11       EV: 13    Int: 15      God:    Ashenzari [......]
Gold:   120        SH:  0    Dex: 14      Spells: 2 memorised, 6 levels left

rFire  + . .     SeeInvis .       - Unarmed
rCold  + . .     Clarity  +     l - +1 robe {rN+}
rNeg   + . .     SustAt   .     (no shield)
rPois  +         Gourm    .     (no helmet)
rElec  +         Spirit   +     (no cloak)
rCorr  +         Warding  .     p - +0 pair of gloves
rMut   .         Stasis   .     (no boots)
MR     +....                    t - amulet of clarity
Stlth  ++........               (no ring)
                                e - ring of protection from magic

@: mighty, lethally poisoned (-1 -> -14), resistant, flying, somewhat resistant
to hostile enchantments, unstealthy
A: fangs 2, regeneration 2, magic shield, antimagic bite, no device heal 3, rot
immunity
a: Renounce Religion


You were on level 3 of the Dungeon.
You worshipped Ashenzari.
Ashenzari was noncommittal.
You were hungry.

You visited 1 branch of the dungeon, and saw 3 of its levels.

You collected 120 gold pieces.

Inventory:

Missiles
 i - 17 bolts of flame
Armour
 l - a +1 robe of positive energy (worn)
 p - a +0 pair of gloves (worn)
Jewellery
 e - a ring of protection from magic (left hand)
 t - an amulet of clarity (around neck)
Scrolls
 b - a scroll of blinking
 r - a scroll of fear
Potions
 m - a potion of heal wounds
 n - a potion of haste
Books
 c - a book of Changes

   Spells                             Type                      Level
   a - Beastly Appendage              Transmutation                1
   b - Sticks to Snakes               Transmutation                2
   c - Spider Form                    Transmutation/Poison         3
   d - Ice Form                       Ice/Transmutation            4
   e - Blade Hands                    Transmutation                5
Comestibles
 d - 4 bread rations
 f - 3 meat rations
 g - 2 beef jerkies
 h - 6 chunks of flesh
 o - a slice of pizza


   Skills:
 + Level 2.1 Fighting
 + Level 2.5 Dodging
 + Level 2.5 Stealth
 + Level 3.8 Unarmed Combat
 + Level 2.9 Spellcasting
 + Level 3.1 Transmutations


You had 6 spell levels left.
You knew the following spells:

 Your Spells              Type           Power        Failure   Level  Hunger
b - Beastly Appendage     Trmt           ##....       8%          1    #......
s - Spider Form           Trmt/Pois      #.........   34%         3    ###....


Dungeon Overview and Level Annotations

Branches:
Dungeon (3/15)

Altars:
Ashenzari
Vehumet


Innate Abilities, Weirdness & Mutations

You have extremely sharp teeth.
You heal very quickly.
When hurt, damage is shared between your health and your magic reserves.
Your bite disrupts and absorbs the magic of your enemies.
Potions and wands cannot restore your health.
You are immune to rotting.


Message History

You fly up into the air.
* * * LOW HITPOINT WARNING * * *
You feel very sick. The gnoll barely misses you.
Drink which item? (? for menu, Esc to quit)
It was a potion of degeneration.
There was something very wrong with that liquid.
You feel weakened.
* * * LOW HITPOINT WARNING * * *
You feel sick.
Drink which item? (? for menu, Esc to quit)
It was a potion of resistance.
You feel protected.
* * * LOW HITPOINT WARNING * * *
You feel sick. The gnoll barely misses you.
Drink which item? (? for menu, Esc to quit)
That would not heal you.
* * * LOW HITPOINT WARNING * * *
You feel sick. The gnoll closely misses you.
You die...

# #'###≈≈..####........
#############...#≈≈.....'........
..g.........#.g.#≈≈..####........
≈≈≈≈≈≈g≈≈≈≈≈#####≈≈.## ##.......
g≈≈≈≈≈≈≈≈≈g≈≈≈≈≈≈≈≈## ##.....#
≈≈≈≈≈≈≈≈≈≈≈≈≈≈≈≈g≈≈# ##...##
...............g.P.##########'##
#)######.#######)##.........#.#
#.# #.# #@##.#######.#.#
#.######g# #.##.# ####....##
.....g...# #)##.# #........##
#.######## #.##.###.##).....# #.#
#.##.............. ..#
#.##...........### ###
#........###.#.# # #####.####
#.#.# #.# #.#.#


You could see 3 gnolls.

Vanquished Creatures
  2 adders (D:2)
  11 gnolls (D:3)
  An ooze (D:3)
  3 worms
  A giant gecko (D:3)
  4 orcs (D:3)
  11 bats
  7 goblins
  11 hobgoblins
  20 jackals
  3 kobolds (D:1)
  A quokka (D:3)
  A giant cockroach (D:2)
  2 giant newts
  4 rats
82 creatures vanquished.

Notes
Turn   | Place    | Note
--------------------------------------------------------------
     0 | D:1      | Miyamura the Vine Stalker Transmuter began the quest for the Orb.
     0 | D:1      | Reached XP level 1. HP: 9/9 MP: 4/4
    43 | D:1      | Reached skill level 1 in Fighting
   218 | D:1      | Reached XP level 2. HP: 11/14 MP: 6/6
   315 | D:1      | Reached skill level 1 in Stealth
   575 | D:1      | Reached XP level 3. HP: 15/18 MP: 5/7
   925 | D:1      | Learned a level 3 spell: Spider Form
  1565 | D:2      | Reached XP level 4. HP: 20/22 MP: 8/8
  1655 | D:2      | Found a radiant altar of Vehumet.
  2532 | D:3      | Reached XP level 5. HP: 24/26 MP: 10/10
  2757 | D:3      | Found a shattered altar of Ashenzari.
  2772 | D:3      | Became a worshipper of Ashenzari the Shackled
  3229 | D:3      | Gained mutation: You heal very quickly. [Vine Stalker growth]
  3229 | D:3      | Reached XP level 6. HP: 15/30 MP: 6/11
  3235 | D:3      | HP: 1/30 [poisoned by a gnoll]
  3236 | D:3      | Succumbed to a gnoll's poison

Action                   |  1- 3 |  4- 6 || total
-------------------------+-------+-------++-------
Melee: Unarmed           |   131 |   141 ||   272
 Cast: Spider Form       |     2 |    10 ||    12
       Beastly Appendage |     2 |       ||     2
  Use: Scroll            |     8 |     3 ||    11
       Potion            |       |     5 ||     5
 Stab: Sleeping          |     3 |     1 ||     4
  Eat: Chunk             |     3 |     7 ||    10
